 Dungeon Crawl Stone Soup version 0.31-a0-705-ga145531891 (webtiles) character file.

Game seed: 9039431676261867199

65 qw the Shooter (level 4, -5/28 HPs)
             Began as a Gargoyle Hunter on Sept 9, 2023.
             Slain by a gnoll
             ... wielding a +1 whip of flaming
              (6 damage)
             ... on level 2 of the Dungeon.
             The game lasted 00:00:28 (1202 turns).

qw the Shooter (Gargoyle Hunter)                    Turns: 1202, Time: 00:00:28

Health: -5/28      AC:  8    Str: 14    XL:     4   Next: 13%
Magic:  4/4        EV: 11    Int: 10    God:
Gold:   38         SH:  0    Dex: 15    Spells: 3/3 levels left

rFire   . . .        Y - +0 shortbow
rCold   . . .        (shield currently unavailable)
rNeg    + . .        c - +0 leather armour
rPois   inf          d - +1 helmet
rElec   +            (no cloak)
rCorr   .            (no gloves)
SInv    .            (no boots)
Will    .....        (no amulet)
Stlth   ++           (no ring)
HPRegen 0.24/turn    (no ring)
MPRegen 0.09/turn

%: no passive effects
@: no status effects
A: sickness immunity, AC +3, negative energy resistance 1, electricity
resistance, torment resistance 1, petrification resistance
a: no special abilities


You were on level 2 of the Dungeon.
You visited 1 branch of the dungeon, and saw 2 of its levels.

You collected 38 gold pieces.


Innate Abilities, Weirdness & Mutations

You are immune to sickness and miasma.
Your stone body is resilient. (AC +3)
You are immune to poison.
You resist negative energy. (rN+)
You are resistant to electric shocks. (rElec)
You are resistant to unholy torment.
You are immune to petrification.


   Skills:
 - Level 3.1 Fighting
 + Level 5.1 Ranged Weapons
 - Level 1.5 Dodging
 - Level 1.1 Stealth


You had 3 spell levels left.
You didn't know any spells.
Your spell library was empty.

Inventory:

Hand Weapons
 Y - a +0 shortbow (weapon)
Armour
 b - a +0 ring mail
 c - a +0 leather armour (worn)
 d - a +1 helmet (worn)
Jewellery
 h - a ring of protection from fire
Scrolls
 a - a scroll of identify
Potions
 e - 2 potions of mutation
 f - 3 potions of haste {unknown}
 g - a potion of curing {unknown}

Dungeon Overview and Level Annotations

Branches:
Dungeon (2/15)

Altars:
Kikubaaqudgha

Shops:
D:1 =


Message History

A gnoll comes into view. It is wielding a +0 whip.
Your Fighting skill increases to level 3!
You shoot an arrow. The arrow hits the gnoll.
The gnoll is moderately wounded.
The gnoll hits you but does no damage.
You shoot an arrow.
The arrow hits the gnoll but does no damage.
The gnoll is moderately wounded.
The gnoll hits you with a +0 whip.
You shoot an arrow. The arrow hits the gnoll.
The gnoll is severely wounded.
The gnoll hits you with a +0 whip! The gnoll barely misses you.
You shoot an arrow. The arrow hits the gnoll!
You kill the gnoll!
You have reached level 4!
You feel clever.
You shoot an arrow. The arrow closely misses the gnoll.
The gnoll closely misses you.
You shoot an arrow.
The arrow hits the gnoll but does no damage.
The gnoll hits you with a +1 whip of flaming.
The gnoll burns you.
You shoot an arrow.
The arrow hits the gnoll but does no damage.
The gnoll closely misses you.
You shoot an arrow.
The arrow hits the gnoll but does no damage.
The gnoll hits you with a +1 whip of flaming.
The gnoll burns you. The gnoll hits you but does no damage.
You shoot an arrow. The arrow hits the gnoll.
The gnoll is heavily wounded.
The gnoll closely misses you.
You shoot an arrow. The arrow hits the gnoll.
The gnoll is severely wounded.
The gnoll hits you with a +1 whip of flaming.
The gnoll burns you.
You shoot an arrow.
The arrow hits the gnoll but does no damage.
The gnoll is severely wounded.
The gnoll hits you with a +1 whip of flaming.
You die...

.. # # #. #
######.### ####
.###......... #..
.....#.####.. #.#
##...%..... #g##
#.#..)##... #.#@##
##..#..##..#
#g###.##.##...#....#.
.g# ##...##....#..#..
###
##.#####.##..##..#
#........##..# ..#
#.#####.....(#..#..
## #......#....#.
#.....#..##..#
#....#...# ...


You could see a gnoll.

Vanquished Creatures
  A gnoll (D:2)
  2 adders (D:2)
  2 dart slugs (D:1)
  An endoplasm (D:2)
  3 giant cockroaches
  3 goblins (D:1)
  A hobgoblin (D:1)
  4 jackals (D:1)
  2 quokkas (D:1)
  4 ball pythons
  3 bats
  2 frilled lizards (D:1)
  3 kobolds (D:1)
  3 rats (D:1)
34 creatures vanquished.

Notes
Turn   | Place    | Note
-------+----------+-------------------------------------------
     0 | D:1      | qw the Gargoyle Hunter began the quest for the Orb.
     0 | D:1      | Reached XP level 1. HP: 12/12 MP: 1/1
     0 | D:1      | 0 ||| qw: Version: 0.3-a-80-g6052c40
     0 | D:1      | 0 ||| qw: Game counter: 1343
     0 | D:1      | 0 ||| qw: Melee chars always use a shield: true
     0 | D:1      | 0 ||| qw: God list: Okawaru
     0 | D:1      | 0 ||| qw: Allow faded altars: false
     0 | D:1      | 0 ||| qw: Do Orc after clearing Dungeon:15 true
     0 | D:1      | 0 ||| qw: Do second Lair branch before Depths: true
     0 | D:1      | 0 ||| qw: Lair rune preference: random
     0 | D:1      | 0 ||| qw: Goals: Normal
     0 | D:1      | 0 ||| PLANNING D:1-11
   151 | D:1      | Reached XP level 2. HP: 17/17 MP: 2/2
   214 | D:1      | Found a faded altar of an unknown god.
   250 | D:1      | Found Aseucoiv's Jewellery Shop.
   259 | D:1      | 259 ||| SHOPLISTING +4 ring of protection (504 gold, have
                  | 7).
   259 | D:1      | 259 ||| SHOPLISTING +6 ring of dexterity (504 gold, have
                  | 7).
   259 | D:1      | 259 ||| SHOPLISTING amulet of regeneration (420 gold, have
                  | 7).
   259 | D:1      | 259 ||| SHOPLISTING ring of fire (350 gold, have 7).
   259 | D:1      | 259 ||| SHOPLISTING ring of resist corrosion (280 gold,
                  | have 7).
   509 | D:1      | HP: 4/17 [quokka (4)]
   659 | D:1      | Reached XP level 3. HP: 21/21 MP: 3/3
   772 | D:1      | Reached skill level 5 in Ranged Weapons
   956 | D:1      | Found an ancient bone altar of Kikubaaqudgha.
   961 | D:1      | 961 ||| UPGRADING to +0 helmet.
   966 | D:1      | 966 ||| READING 3 scrolls labelled HITROEKHLUS.
   967 | D:1      | 967 ||| READING scroll labelled AGI WOUGRUP.
   968 | D:1      | 968 ||| READING 2 scrolls of identify.
   968 | D:1      | 968 ||| IDENTIFYING smoky clear potion
   969 | D:1      | 969 ||| DROPPING scroll of butterflies.
  1125 | D:2      | 1125 ||| READING scroll of enchant armour.
  1125 | D:2      | 1125 ||| ENCHANTING +0 helmet.
  1183 | D:2      | 1183 ||| Stepping ~*~*~tactically~*~*~ (retreating).
  1192 | D:2      | Reached skill level 3 in Fighting
  1196 | D:2      | Reached XP level 4. HP: 13/28 MP: 4/4
  1197 | D:2      | HP: 6/28 [gnoll/+1 whip of flaming (3)]
  1201 | D:2      | HP: 2/28 [gnoll/+1 whip of flaming (3)]
  1202 | D:2      | Slain by a gnoll

Levels and vault maps discovered:
D:1:      dpeg_arrival_water_altar, layout_basic,
          hellmonk_ecumenical_altar_dog_temple, serial_shops, shop,
          serial_corexii_hall, corexii_hall_statues_deadend,
          chequers_hall_statues_y, minmay_stone_trees_medium
D:2:      layout_loops_ring, minivault_26, hangedman_decor_diamond_cutter,
          chequers_serial_rivers_micro_d, kennysheep_generic_room_11

Skill      XL: |  1  2  3 |
---------------+----------+-----
Ranged Weapons | 5 |  5.1
Fighting       | 3 |  3.1
Dodging        | |  1.5
Stealth        | |  1.1

Action                     |  1- 3 |  4- 6 || total
---------------------------+-------+-------++-------
   Fire: Shortbow          |   107 |     7 ||   114
    Use: Scroll            |     4 |       ||     4
 Armour: Leather armour    |    28 |     5 ||    33
  Dodge: Dodged            |    51 |     3 ||    54

Table legend:
 A = Non-vault XP
 B = Vault XP
 C = Vault XP percentage of total XP
 D = Non-vault monster count
 E = Vault monster count
 F = Vault count percentage of total count
                 A         B        C        D         E       F
            +---------+---------+-------+---------+---------+-------
      Total |      85 |       8 |   8.6 |      30 |       4 |  11.8
            +---------+---------+-------+---------+---------+-------
        D:1 |      38 |       8 |  17.4 |      23 |       4 |  14.8
        D:2 |      47 |       0 |   0.0 |       7 |       0 |   0.0
            +---------+---------+-------+---------+---------+-------
